[Event "Early-Titled-Tuesday-Blitz-March-19-2024"]
[Site "Chess.com"]
[Date "2024.03.19"]
[Round "4"]
[White "The_Machine04"]
[Black "Sanan_Sjugirov"]
[Result "1-0"]
[WhiteElo "2830"]
[BlackElo "3014"]
[TimeControl "180+1"]
[EndTime "8:40:26 PDT"]
[Termination "The_Machine04 won on time"]

1. d4 Nf6 2. Nf3 g6 3. Nbd2 d5 4. e3 Bg7 5. b4 O-O 6. c4 a5 7. b5 c6 8. a4 Bf5 9. Ba3 Re8 10.
Be2 cxb5 11. axb5 dxc4 12. Bxc4 Nbd7 13. Qb3 e6 14. O-O Nb6 15. Be2 Ne4 16. Rfc1 Nxd2 17. Nxd2 e5 18. Nc4 Be6 19. dxe5 Bxe5 20. Bb2 Bxb2 21.
Qxb2 Nxc4 22. Bxc4 Bxc4 23. Rxc4 Qb6 24. g3 Red8 25.
Rac1 h5 26. h4 a4 27. Ra1 Ra5 28. Rb4 Rda8 29. Ra3 Qc5 30. Qd4 Qxd4 31. Rxd4 Rxb5 32. Rdxa4 Rxa4 33. Rxa4 Kg7 34. Rc4 Kf6 35. Rc7 Ke6 36.
Kg2 Rb2 37. Kf3 b5 38. Rb7 b4 39. e4 b3 40. Ke3 Rb1 41. f3 Kd6 42. Kf4 Kc6 43.
Rb8 Kc5 44. Ke5 Kc4 45. Kf6 Rf1 46. f4 Kc3 47. Kxf7 b2 48. Kxg6 b1=Q 49. Rxb1 Rxb1 50.
e5 Kd4 51. e6 Kd5 52. e7 Rb8 53. Kf7 Rb7 54. Kf8 1-0

[Event "Early-Titled-Tuesday-Blitz-March-19-2024"]
[Site "Chess.com"]
[Date "2024.03.19"]
[Round "4"]
[White "EternalNight8"]
[Black "kassablanca"]
[Result "0-1"]
[WhiteElo "2499"]
[BlackElo "2768"]
[TimeControl "180+1"]
[EndTime "8:40:26 PDT"]
[Termination "kassablanca won on time"]

1. d4 d5 2. c4 e6 3. Nf3 Nf6 4. g3 c5 5. Bg2 Be7 6. cxd5 exd5 7. dxc5 Bxc5 8. O-O O-O 9. Bg5 Nc6 10. Nc3 d4 11. Ne4 Be7 12. Nxf6+ Bxf6 13. Bxf6 Qxf6 14. Qd2 Rd8 15.
Rfd1 Bf5 16. Qf4 Rd6 17. e4 Bg6 18. Qxf6 gxf6 19. Ne1 Re8 20. Nd3 Rdd8 21. Re1 Ne5 22. Nf4 Nc4 23. b3 Nd6 24. f3 Nb5 25. Nd5 Kg7 26. a4 Nc3 27. Nxc3 dxc3 28. Rac1 Rd3 29. Rc2 Red8 30. Rec1 Rd1+ 31. Rxd1 Rxd1+ 32. Bf1 Bh5 33. Rxc3 Rb1 34. Kf2 Rb2+ 35. Be2 b6 36. g4 Bg6 37.
h4 h5 38. gxh5 Bxh5 39. Ke3 a5 40. Bb5 Rh2 41. Rc6 Rb2 42. Rxb6 Rxb3+ 43. Kd4 Bxf3 44. Rb7 Rb4+ 45. Kc5 Bxe4 46. Ra7 Bg6 47. Rxa5 Rxh4 48. Ra8 Rh5+ 49. Kb6 Rh2 50. a5 Be4 51. Re8 f5 52. a6 Ra2 53. a7 Kf6 0-1

[Event "Early-Titled-Tuesday-Blitz-March-19-2024"]
[Site "Chess.com"]
[Date "2024.03.19"]
[Round "4"]
[White "crescentmoon2411"]
[Black "venturov"]
[Result "1/2-1/2"]
[WhiteElo "2890"]
[BlackElo "2482"]
[TimeControl "180+1"]
[EndTime "8:40:26 PDT"]
[Termination "Game drawn - insufficient material"]

1. d4 Nf6 2. c4 d6 3. Nc3 Nbd7 4. e4 e5 5. f3 Be7 6. Be3 O-O 7. Nge2 a6 8. g4 b5 9. g5 Nh5 10. Qd2 bxc4 11. Ng3 Nxg3 12. hxg3 exd4 13. Qh2 h6 14. gxh6 g6 15. h7+ Kh8 16. Bxd4+ Bf6 17. Qd2 Ne5 18. Be2 Be6 19. Qe3 c5 20. Bxe5 Bxe5 21.
O-O-O Rb8 22. f4 Bd4 23. Rxd4 cxd4 24. Qxd4+ f6 25. Rd1 Qb6 26. Qxb6 Rxb6 27. g4 Kxh7 28. f5 Bf7 29. Rd4 Rfb8 30. Rd2 gxf5 31. gxf5 Kh6 32. Bf1 Kg5 33. Rg2+ Kf4 34. Rg7 Bg8 35. Be2 Ke3 36.
Bd1 Kd4 37. Bc2 Rxb2 38. Ne2+ Ke3 39. Nc3 R2b7 40. Rg6 Kd4 41. Ne2+ Ke5 42. Ng1 c3 43. Nf3+ Kf4 44. Nd4 Bxa2 45. Ne2+ Ke3 46. Nxc3 Bb3 47. Bxb3 Rxb3 48. Kc2 Kd4 49. Ne2+ Kxe4 50. Rxf6 Rb2+ 51. Kd1 Ke3 52. Re6+ Kd3 53. Nf4+ Kd4 54. Ne2+ Kc4 55. Rxd6 Rb1+ 56. Kd2 R8b2+ 57. Ke3 Re1 58. Rd2 Rxd2 59. Kxd2 Rf1 60. Ng3 Rf3 61. Ne4 Kd4 62. Nd6 Rf2+ 63. Kc1 Ke5 64. Nc4+ Kxf5 65. Nd2 Ke5 66. Kc2 Kd4 67. Kc1 Rh2 68. Nf3+ Kc3 69. Nxh2 a5 70. Nf3 a4 71. Nd2 a3 72. Nb1+ Kb4 73. Nxa3 1/2-1/2

[Event "Early-Titled-Tuesday-Blitz-March-19-2024"]
[Site "Chess.com"]
[Date "2024.03.19"]
[Round "4"]
[White "xasid81"]
[Black "francyIM"]
[Result "0-1"]
[WhiteElo "2591"]
[BlackElo "2824"]
[TimeControl "180+1"]
[EndTime "8:40:27 PDT"]
[Termination "francyIM won on time"]

1. Nf3 f5 2. Nc3 Nf6 3. d4 e6 4. Bg5 d5 5. e3 c6 6. Ne5 Bd6 7.
Bd3 O-O 8. O-O Qe8 9. f4 Ne4 10. Nxe4 fxe4 11. Be2 c5 12. c3 Nc6 13. a3 Bd7 14. b4 cxd4 15. cxd4 Ne7 16. Bg4 Nf5 17. Bxf5 exf5 18. Nxd7 Qxd7 19. Qb3 Qe6 20. Rac1 Rac8 21. Qb2 Rc4 22. Rc2 Rfc8 23. Rfc1 b5 24. Rxc4 dxc4 25.
Qc3 Qd5 26. Bh4 h6 27. Be1 g5 28.
fxg5 hxg5 29. Bd2 Kf7 30. Qc2 Kg6 31. Rf1 g4 32. Bc1 c3 33. Qe2 g3 34. Qe1 gxh2+ 35.
Kh1 Rh8 36. Qf2 Rh5 37. g4 Rg5 38. Qh4 Rxg4 39. Qh8 Qe6 40. d5 Qf7 41. Qxc3 Qe7 42.
Qc8 Qf7 43. Bb2 Bg3 44. Qc6+ Kh5 45. d6 Qe6 46. Qxb5 Rg5 47. d7 Bc7 48. Qe2+ Kg6 49.
Rd1 Qxd7 0-1

[Event "Early-Titled-Tuesday-Blitz-March-19-2024"]
[Site "Chess.com"]
[Date "2024.03.19"]
[Round "4"]
[White "ChainedDowntohell"]
[Black "arnash_bauyrzhan"]
[Result "0-1"]
[WhiteElo "2525"]
[BlackElo "2355"]
[TimeControl "180+1"]
[EndTime "8:40:27 PDT"]
[Termination "arnash_bauyrzhan won on time"]

1. e4 c5 2. d4 cxd4 3. c3 dxc3 4. Nxc3 Nc6 5. Nf3 e6 6. Be2 Bb4 7. O-O Nge7 8. Bf4 O-O 9. Nb5 Ng6 10. Bc7 Qf6 11. a3 Ba5 12. Bxa5 Nxa5 13. b4 Nc6 14.
Nd6 a6 15. Qd2 b5 16. Rfd1 Rb8 17. Rac1 Bb7 18. Qe3 Ba8 19. Bf1 Qf4 20. Qc3 Nce5 21. Nxe5 Qxe5 22. Qxe5 Nxe5 23. Rc7 Bc6 24. f4 Ng4 25. Be2 Nf6 26. Bf3 Ne8 27. Ra7 Nxd6 28. Rxd6 Ra8 29. Rxa8 Rxa8 30. e5 Rc8 31. Kf2 Kf8 32.
Bxc6 dxc6 33. Ke3 Ke7 34. g4 f6 35. h4 fxe5 36. fxe5 c5 37. Rxa6 cxb4 38. Ra7+ Kf8 39.
axb4 Rc4 40. g5 Rxb4 41. Ra6 Rxh4 42. Rxe6 Kf7 0-1

[Event "Early-Titled-Tuesday-Blitz-March-19-2024"]
[Site "Chess.com"]
[Date "2024.03.19"]
[Round "4"]
[White "AlessiaSanteramo"]
[Black "ural58"]
[Result "1-0"]
[WhiteElo "2268"]
[BlackElo "2481"]
[TimeControl "180+1"]
[EndTime "8:40:27 PDT"]
[Termination "AlessiaSanteramo won by resignation"]

1. e4 d5 2. exd5 Qxd5 3. Nc3 Qa5 4. Nf3 Nc6 5. Bc4 Bg4 6. h3 Qh5 7. d3 Nd4 8. Bd5 c6 9. O-O Bxf3 10. Bxf3 Nxf3+ 11. Qxf3 Qxf3 12. gxf3 e6 13. Bf4 Ne7 14. Rae1 O-O-O 15.
Kg2 h6 16. Bh2 Nf5 17. Ne4 g5 18. Be5 Rg8 19. Nf6 Nh4+ 20. Kg3 Rg6 21. d4 Nf5+ 22. Kg4 Nxd4 23. c3 h5+ 24. Nxh5 f5+ 25. Kg3 Nb5 26. Rd1 Bd6 27. Bxd6 Nxd6 28. Rfe1 b5 29. Kg2 Kc7 30.
Ng3 Rh8 31. Ne2 c5 32. b4 cxb4 33. cxb4 Nc4 34. Nd4 a6 35. Nxe6+ Kb6 36. Nc5 a5 37. Nd7+ Kc7 38. bxa5 Nxa5 39. Re7 Kc8 40. Ne5 Rgh6 41.
Rdd7 Rxh3 42. Rc7+ Kb8 43. Ra7 Rh2+ 44. Kf1 Rh1+ 45.
Ke2 Rc8 46. Rxa5 Rc2+ 47. Kd3 Rhc1 48. Rxb5+ Kc8 49. Rb3 Rxf2 50. Ra3 Kd8 51. Rd7+ Ke8 52. Ra8+ 1-0

[Event "Early-Titled-Tuesday-Blitz-March-19-2024"]
[Site "Chess.com"]
[Date "2024.03.19"]
[Round "4"]
[White "itsdsyr"]
[Black "UNSTOPPABLE_LEGEND"]
[Result "1-0"]
[WhiteElo "2253"]
[BlackElo "2495"]
[TimeControl "180+1"]
[EndTime "8:40:29 PDT"]
[Termination "itsdsyr won by resignation"]

1. d4 d5 2. c4 c6 3. Nf3 Nf6 4. Nc3 e6 5. e3 Bd6 6. Bd3 dxc4 7.
Bxc4 Nbd7 8. O-O O-O 9. Bd3 e5 10. dxe5 Nxe5 11. Nxe5 Bxe5 12. Qc2 h5 13. h3 Bc7 14. Rd1 Qe7 15. e4 Be6 16. Be3 Rad8 17. f4 Bb6 18. Bxb6 axb6 19. Qf2 Qc5 20. Rac1 Qxf2+ 21. Kxf2 b5 22. a3 Nd7 23. b4 Nb6 24. Be2 Bb3 25. Rxd8 Rxd8 26. Ke3 f6 27. Rb1 Bf7 28. Rd1 Ra8 29. Ra1 h4 30. e5 Bc4 31.
Bf3 fxe5 32. fxe5 Nd7 33. Kd4 Re8 34. Re1 Nf8 35. Bg4 b6 36. Ne4 Bd5 37. Nd6 Rd8 38. Re2 Bc4 39. Rf2 Ne6+ 40. Bxe6+ Bxe6 41. Rf4 Bd5 42. Rxh4 Bxg2 43. Rh5 Bd5 44. h4 Be6 45. Rg5 Ra8 46. Rg3 Rxa3 47. Rxa3 1-0

[Event "Early-Titled-Tuesday-Blitz-March-19-2024"]
[Site "Chess.com"]
[Date "2024.03.19"]
[Round "4"]
[White "akanga001"]
[Black "bobo_panda"]
[Result "1/2-1/2"]
[WhiteElo "2021"]
[BlackElo "2343"]
[TimeControl "180+1"]
[EndTime "8:40:30 PDT"]
[Termination "Game drawn - insufficient material"]

1. d4 Nf6 2. c4 e6 3. Nc3 Bb4 4. Qc2 Nc6 5. e3 e5 6. d5 Ne7 7.
a3 Bxc3+ 8. Qxc3 d6 9. f3 O-O 10. Ne2 Ne8 11. e4 f5 12. Ng3 fxe4 13. Nxe4 Nf5 14.
Bg5 Qd7 15. Bd3 h6 16. Bd2 Qf7 17. O-O Nf6 18. Nxf6+ Qxf6 19. Bxf5 Bxf5 20. b4 Qg6 21. Rf2 e4 22. c5 exf3 23. Rxf3 Be4 24. Rg3 Qf6 25.
Qxf6 Rxf6 26. Bc3 Rg6 27. Rxg6 Bxg6 28. cxd6 cxd6 29. Re1 Bf7 30. Re7 Rc8 31. Bd4 Rc4 32.
Bxa7 Bxd5 33. Re2 Kf7 34. Rd2 Ke6 35. Bd4 g5 36. Bg7 h5 37. Re2+ Be4 38. Rd2 d5 39. Bh6 g4 40. Bf8 b5 41. Kf2 Rc3 42. Ra2 d4 43.
Bg7 Kd5 44. a4 bxa4 45. Rxa4 Rb3 46. b5 d3 47. Rd4+ Kc5 48. Rxe4 d2 49. Ke2 Rd3 50.
Kd1 Kxb5 51. Re2 g3 52. h3 Kc4 53. Rxd2 Rb3 54. Ke2 Ra3 55. Be5 Rb3 56. Rd4+ Kc5 57. Rh4 Kd5 58. Bc7 Rc3 59. Rxh5+ Ke4 60. Bb8 Rc2+ 61.
Kd1 Rxg2 62. Rg5 Kf3 63. Rxg3+ Rxg3 64. Bxg3 Kxg3 65. h4 Kxh4 1/2-1/2

[Event "Early-Titled-Tuesday-Blitz-March-19-2024"]
[Site "Chess.com"]
[Date "2024.03.19"]
[Round "4"]
[White "Yeritsyaan"]
[Black "vladislavkovalev"]
[Result "0-1"]
[WhiteElo "2648"]
[BlackElo "2866"]
[TimeControl "180+1"]
[EndTime "8:40:31 PDT"]
[Termination "vladislavkovalev won by resignation"]

1. e4 e5 2. Nf3 Nc6 3. d4 exd4 4. Nxd4 Qf6 5. Nf3 Bb4+ 6. c3 Bc5 7. Nbd2 Nge7 8. Nb3 Bb6 9. Be2 d6 10. O-O h6 11.
Nbd4 O-O 12. a4 a6 13. Be3 Ne5 14. Nxe5 dxe5 15. Nc2 Ng6 16. Bxb6 Qxb6 17. b4 Nf4 18. Ne3 Qg6 19. Bf3 Be6 20. Nd5 Bxd5 21. exd5 e4 22. Bg4 f5 23. g3 fxg4 24. gxf4 Rxf4 25. Qd4 Re8 26. Rad1 Rf3 27. Rfe1 Qf5 28. c4 Rh3 29. d6 cxd6 30. Qxd6 Kh7 31. Rd5 Qf3 32. Re3 Qf7 33. Qd7 Qg6 34. Rd6 Qh5 35. Rd5 Qg6 36. Qf5 Qxf5 37. Rxf5 Rd8 38. Kg2 Rxe3 39. fxe3 Rd2+ 40. Kg3 Rb2 41. b5 Rb4 42. bxa6 bxa6 43. Ra5 Rxc4 44.
Rxa6 h5 45. Kf4 Rc2 46. Kxe4 Rxh2 47. a5 Rf2 48. Rb6 g3 49. Rb1 g2 50. Rg1 h4 51.
a6 h3 52. a7 Ra2 53. Kf3 h2 54. Rxg2 h1=Q 0-1

[Event "Early-Titled-Tuesday-Blitz-March-19-2024"]
[Site "Chess.com"]
[Date "2024.03.19"]
[Round "4"]
[White "LiamPutnam2008"]
[Black "NovozhilovSemen"]
[Result "0-1"]
[WhiteElo "2869"]
[BlackElo "2635"]
[TimeControl "180+1"]
[EndTime "8:40:31 PDT"]
[Termination "NovozhilovSemen won by checkmate"]

1. Nf3 Nf6 2. c4 c5 3. Nc3 e6 4.
e4 Nc6 5. d4 cxd4 6. Nxd4 Bb4 7. Qd3 O-O 8. g3 d5 9. Nxc6 bxc6 10. cxd5 exd5 11. exd5 Nxd5 12. Bd2 Re8+ 13. Be2 a5 14. O-O-O Ba6 15. Qxa6 Rxa6 16. Bxa6 Qf6 17. Nxd5 cxd5 18. Bxb4 axb4 19. Bb5 Rc8+ 20. Kb1 Qxf2 21. Ba4 h5 22.
Rxd5 h4 23. gxh4 Qxh4 24. Rhd1 Qe4+ 25. R5d3 g6 26. Bc2 Qe2 27. R3d2 Qh5 28. Bb3 Qf5+ 29. Bc2 Qf4 30. Rd4 Qxh2 31. Bb3 Rc7 32. Rxb4 Qe2 33. a3 Qe3 34. Ka2 g5 35. Rf1 Kg7 36.
Rb5 g4 37. Rff5 Kg6 38. Rfe5 Qf4 39. Red5 g3 40. Rb6+ Kg7 41. Rb4 Qf3 42. Rg5+ Kf6 43.
Rbg4 Rc1 44. Rxg3 Qf1 45. Bd5 Ra1+ 46. Kb3 Qd1+ 47. Kb4 Qd4+ 48. Kb3 Rb1 49. Kc2 Rxb2+ 50. Kc1 Qd2# 0-1

[Event "Early-Titled-Tuesday-Blitz-March-19-2024"]
[Site "Chess.com"]
[Date "2024.03.19"]
[Round "4"]
[White "yonaltimur"]
[Black "TERMINATOR_PC"]
[Result "0-1"]
[WhiteElo "2348"]
[BlackElo "2552"]
[TimeControl "180+1"]
[EndTime "8:40:31 PDT"]
[Termination "TERMINATOR_PC won on time"]

1. e4 e5 2. Nf3 Nc6 3. Bb5 g6 4.
c3 a6 5. Ba4 Bg7 6. d4 exd4 7.
cxd4 b5 8. Bc2 d6 9. h3 Nge7 10. O-O O-O 11. Nc3 Na5 12. Re1 Bb7 13. Bg5 h6 14. Bf4 Rc8 15. Qe2 Re8 16. Rad1 Qd7 17. Qd2 Nc4 18. Qc1 g5 19. Bg3 g4 20. hxg4 Qxg4 21.
b3 Nb6 22. Qf4 Qxf4 23. Bxf4 c5 24. Bb1 cxd4 25. Ne2 Ng6 26. Bxd6 Bxe4 27. Nexd4 Bxb1 28. Rxb1 Nd5 29. Kf1 Nc3 30. Rxe8+ Rxe8 31. Rc1 Nxa2 32. Rc2 Rd8 33. Bc5 Bxd4 34. Nxd4 Nb4 35. Re2 Nd3 36. Bb6 Rd6 37. Ba7 Rd7 38. Re8+ Kh7 39. Bb6 Rb7 40.
Ba5 Rd7 41. Nc6 Nc5 42. Bc3 Nxb3 43. Nd8 Nc5 44. f4 Ne6 45. Nc6 Nexf4 46. g3 Nd5 47. Ne5 Nxe5 48. Bxe5 f6 49. Bd4 b4 50. Rb8 a5 51.
Bc5 Rc7 52. Bd6 Rc6 53. Rb7+ Kg6 54. Bf8 Kf5 55. Kf2 Ke4 56. Rb8 Rc2+ 57. Kf1 Kf3 58. Ke1 Ne3 0-1

[Event "Early-Titled-Tuesday-Blitz-March-19-2024"]
[Site "Chess.com"]
[Date "2024.03.19"]
[Round "4"]
[White "ImportedItalianMaple"]
[Black "LuisFSiles"]
[Result "0-1"]
[WhiteElo "2518"]
[BlackElo "2291"]
[TimeControl "180+1"]
[EndTime "8:40:31 PDT"]
[Termination "LuisFSiles won on time"]

1. Nf3 Nf6 2. g3 g6 3. Bg2 Bg7 4. O-O O-O 5. d4 d6 6. c4 c6 7. Nc3 Qa5 8. h3 e5 9. e4 exd4 10. Nxd4 Qc5 11. Qd3 Nbd7 12. Nf3 Ne5 13. Nxe5 dxe5 14.
Be3 Qe7 15. Rfd1 Be6 16. a3 Rfd8 17. Qe2 Nd7 18. b4 a5 19. c5 axb4 20. axb4 Rxa1 21. Rxa1 b6 22. Ra7 Qf8 23. Na4 bxc5 24. bxc5 Ra8 25.
Rxa8 Qxa8 26. Nb6 Qa1+ 27. Kh2 Bf8 28. Nxd7 Bxd7 29. Qd2 Be6 30. Qd8 Qa6 31. Bh6 Qc8 32. Qg5 Bxh6 33. Qxh6 Qf8 34. Qc1 Qd8 35. Qc3 Qd4 36.
Qxd4 exd4 37. Bf1 Bb3 38. Kg2 Bc2 39. Kf3 f6 40. Ba6 Kf7 41. Bb7 Ke6 42. Bxc6 Ke5 43. Bd5 f5 44. Bg8 fxe4+ 45. Ke2 Ba4 46. Bxh7 Be8 47.
Bg8 Bc6 48. h4 Bd5 49. g4 Bxg8 50. c6 Kd6 51. h5 gxh5 52. gxh5 Kxc6 0-1

[Event "Early-Titled-Tuesday-Blitz-March-19-2024"]
[Site "Chess.com"]
[Date "2024.03.19"]
[Round "4"]
[White "Yushko_Olga"]
[Black "Massakru"]
[Result "1-0"]
[WhiteElo "2219"]
[BlackElo "2414"]
[TimeControl "180+1"]
[EndTime "8:40:31 PDT"]
[Termination "Yushko_Olga won by resignation"]

1. d4 Nf6 2. c4 e6 3. Nc3 d5 4. cxd5 Nxd5 5. Nxd5 Qxd5 6. Nf3 Nc6 7. e3 Bb4+ 8. Bd2 Be7 9. Bd3 O-O 10. O-O b6 11.
Qc2 h6 12. Be4 Qh5 13. Bxc6 Rb8 14. Ne5 Bd6 15. Bf3 Qh4 16. g3 Qf6 17. Nc6 Qxf3 18. e4 e5 19. Qc3 Qxc3 20. Bxc3 exd4 21. Nxb8 dxc3 22. Nc6 cxb2 23. Rab1 Ba3 24. Rfd1 b5 25. Rd3 b4 26. Rd4 Be6 27. Nxb4 a5 28. Nc2 Bc5 29. Rd2 Bxa2 30. Rxb2 Be6 31. Rb7 Bb6 32. Nd4 Bc8 33. Rb8 Rd8 34. Nf3 Re8 35. e5 Kf8 36.
Re2 Ke7 37. Nd2 Kd7 38. Nc4 Kc6 39. Rc2 Kd5 40. Nxb6+ cxb6 41. Rbxc8 Rxc8 42. Rxc8 b5 43. Rc7 b4 44. Rxf7 b3 45. Ra7 b2 46. Rb7 a4 47.
Rxb2 1-0

[Event "Early-Titled-Tuesday-Blitz-March-19-2024"]
[Site "Chess.com"]
[Date "2024.03.19"]
[Round "4"]
[White "abelmat"]
[Black "Zampronha1971"]
[Result "0-1"]
[WhiteElo "2070"]
[BlackElo "2312"]
[TimeControl "180+1"]
[EndTime "8:40:32 PDT"]
[Termination "Zampronha1971 won by checkmate"]

1. d4 Nf6 2. c4 e6 3. Nf3 b6 4. Nc3 Bb4 5. Bd2 Bb7 6. g3 O-O 7. Bg2 Bxc3 8. Bxc3 Ne4 9. Qc2 f5 10. O-O d6 11. Nd2 Nxc3 12. Qxc3 Bxg2 13. Kxg2 Qe7 14.
Rad1 Nd7 15. e3 e5 16. b4 a5 17. a3 axb4 18. axb4 f4 19. exf4 exf4 20. Rde1 Qf7 21. Nf3 h6 22. Ra1 Rxa1 23. Rxa1 Nf6 24. Ra7 fxg3 25.
hxg3 Ne4 26. Qe3 Re8 27. Qd3 Re7 28. Ra8+ Kh7 29. Ra2 g6 30. Re2 Qe8 31. d5 Nf6 32. Rxe7+ Qxe7 33. Nd4 Nd7 34. Ne6 Ne5 35. Qe4 Qf6 36. f4 Ng4 37. Qe2 h5 38. Nxc7 Qd4 39.
Ne6 Qc3 40. Ng5+ Kh6 41. Nf7+ Kg7 42. Nxd6 Qxb4 43. Qe7+ Kg8 44. Qf7+ Kh8 45. Qf8+ Kh7 46. Qe7+ Kg8 47. Qf7+ Kh8 48. Qxg6 Qd2+ 49. Kh1 Qh2# 0-1

[Event "Early-Titled-Tuesday-Blitz-March-19-2024"]
[Site "Chess.com"]
[Date "2024.03.19"]
[Round "4"]
[White "mertfelin"]
[Black "ExtremeLearner"]
[Result "0-1"]
[WhiteElo "2368"]
[BlackElo "2566"]
[TimeControl "180+1"]
[EndTime "8:40:33 PDT"]
[Termination "ExtremeLearner won on time"]

1. e4 c6 2. d4 d5 3. e5 Bf5 4. h4 h5 5. Bd3 Qd7 6. Bxf5 Qxf5 7.
Nf3 Nh6 8. Be3 Ng4 9. Qd2 f6 10. Bf4 Nd7 11. exf6 gxf6 12. Nc3 e5 13. Bg3 O-O-O 14.
O-O Bh6 15. Qe2 Rhe8 16. dxe5 fxe5 17. Rad1 Bf4 18. a4 Ndf6 19. Rde1 e4 20. Nd4 Qe5 21. Bxf4 Qxf4 22. g3 Qe5 23. Nb3 d4 24. Nd1 e3 25.
fxe3 Qxg3+ 26. Qg2 Qc7 27. exd4 Rxe1 28. Rxe1 Rg8 29.
Kh1 Qf4 30. Rf1 Qd6 31. Nf2 Kb8 32. Nxg4 Nxg4 33. Nc5 Re8 34. c3 b6 35. Nd3 Re3 36.
Nf4 Qe7 37. Kg1 Qxh4 38. Ne2 Rxe2 39. Qxe2 Qg3+ 40. Qg2 Qe3+ 41. Kh1 Kb7 42. d5 c5 43. d6+ Ka6 44. d7 Qd3 45. Qf3 Qxd7 46. Qe2+ Kb7 0-1

[Event "Early-Titled-Tuesday-Blitz-March-19-2024"]
[Site "Chess.com"]
[Date "2024.03.19"]
[Round "4"]
[White "Dyadya81"]
[Black "Mikasinski"]
[Result "1-0"]
[WhiteElo "2945"]
[BlackElo "2653"]
[TimeControl "180+1"]
[EndTime "8:40:34 PDT"]
[Termination "Dyadya81 won by resignation"]

1. e4 c5 2. Nf3 d6 3. Bb5+ Bd7 4.
Bxd7+ Qxd7 5. O-O Nc6 6. c3 Nf6 7. Qe2 e6 8. d4 cxd4 9. cxd4 d5 10. e5 Ne4 11. Nbd2 Nxd2 12. Bxd2 Bb4 13. Be3 O-O 14.
h4 f6 15. exf6 gxf6 16. Rfd1 Rae8 17. Rac1 Bd6 18. Ne1 Rf7 19. a3 Kh8 20. b4 Rg8 21. Qf3 Ne7 22. Bf4 Nf5 23. Bxd6 Qxd6 24. Qh5 Rfg7 25. Rc3 Rg4 26. Qf7 Qd8 27. Qxe6 Nxd4 28. Qe3 Re8 29. Qd3 Ne2+ 30. Kf1 Rxh4 31. g3 Rh1+ 32.
Kg2 Nxc3 33. Qxc3 Rh5 34. Nf3 Kg7 35. Rd4 Re4 36. Rd3 Rc4 37. Qxc4 dxc4 38. Rxd8 a5 39. Rc8 axb4 40. axb4 b5 41. Nd4 Rd5 42. Ne6+ Kf7 43. Nc7 Re5 44. Rb8 c3 45. Rb6 Ke7 46. Rc6 Kd7 47.
Rxc3 h5 48. f4 Rf5 49. Kf3 Kd6 50. Ke4 1-0

[Event "Early-Titled-Tuesday-Blitz-March-19-2024"]
[Site "Chess.com"]
[Date "2024.03.19"]
[Round "4"]
[White "Chernov_Alexander_A"]
[Black "bennyficial"]
[Result "0-1"]
[WhiteElo "2303"]
[BlackElo "2125"]
[TimeControl "180+1"]
[EndTime "8:40:34 PDT"]
[Termination "bennyficial won on time"]

1. d4 Nf6 2. Nc3 d5 3. Bg5 c5 4. e3 e6 5. Nf3 Nc6 6. Bb5 h6 7. Bh4 Be7 8. O-O O-O 9. Ne5 Nxe5 10. dxe5 Nh7 11. Bg3 f5 12. Be2 Bd7 13. f4 Bc6 14.
h3 d4 15. exd4 Qxd4+ 16. Kh2 Qb4 17. Rb1 Rfd8 18. Qe1 Nf8 19. a3 Qb6 20. Bf2 Qc7 21.
Rd1 a6 22. Be3 b5 23. Qf2 b4 24. Nb1 Qb7 25. Nd2 Rac8 26. Nc4 Bd5 27. axb4 cxb4 28. b3 Nd7 29. Bd3 Nc5 30. Rg1 Nxd3 31. cxd3 Qc7 32. g4 fxg4 33. Rxg4 Bc5 34. Rdg1 Bxe3 35. Qxe3 Rd7 36. h4 Qc5 37. Qg3 Rcc7 38. h5 Bxc4 39. dxc4 Rd2+ 40. Kh3 Qe7 41. Rg6 Kh8 42. Qg4 Rd3+ 43.
Rg3 Rxg3+ 44. Qxg3 Rd7 45. Qg4 Qd8 46. Qxe6 Rd3+ 47.
Kg4 Qf8 48. f5 Rd4+ 49. Kf3 Rd3+ 50. Ke4 Rxb3 51. f6 Qa8+ 0-1

[Event "Early-Titled-Tuesday-Blitz-March-19-2024"]
[Site "Chess.com"]
[Date "2024.03.19"]
[Round "4"]
[White "Durarbayli"]
[Black "JonaszBaum"]
[Result "1-0"]
[WhiteElo "2995"]
[BlackElo "2734"]
[TimeControl "180+1"]
[EndTime "8:40:36 PDT"]
[Termination "Durarbayli won by resignation"]

1. e4 c5 2. Nf3 Nc6 3. Bb5 d6 4. O-O Bd7 5. Re1 a6 6. Bf1 Nf6 7. c3 Bg4 8. d4 cxd4 9. cxd4 d5 10. e5 Ng8 11. Nbd2 e6 12. h3 Bh5 13. Nb3 Rc8 14.
a3 Nge7 15. Bd3 h6 16. Be3 Qb6 17. Rc1 Bg6 18. Rc3 Bxd3 19. Qxd3 Ng6 20. Rec1 Be7 21. Qd2 Kd7 22. Ne1 Na7 23. Nd3 Rxc3 24. Rxc3 Rc8 25.
Nbc5+ Bxc5 26. Nxc5+ Ke8 27. Rb3 Qc6 28. Rxb7 Rc7 29.
Rb8+ Rc8 30. Rb7 Rc7 31. Rxc7 Qxc7 32. Nxa6 Qc4 33. Nc5 Nc6 34. b3 Qb5 35. a4 Qb6 36. Qc3 Nge7 37. g4 Qb4 38. Qxb4 Nxb4 39. Kf1 Nec6 40.
Ke2 Nc2 41. Kd3 Ne1+ 42. Kc3 Nf3 43. b4 Ng1 44. b5 Na7 45. h4 Nf3 46. h5 g6 47. hxg6 fxg6 48. Nxe6 Kf7 49. Nc7 h5 50. gxh5 gxh5 51. b6 Nc6 52. b7 h4 53. e6+ Kf6 54. a5 h3 55. Nxd5+ Kg7 56. Bf4 Nfxd4 57. e7 Ne2+ 58. Kd2 Nxf4 59. e8=Q Nxd5 60. Qxc6 1-0

[Event "Early-Titled-Tuesday-Blitz-March-19-2024"]
[Site "Chess.com"]
[Date "2024.03.19"]
[Round "4"]
[White "GreenPeach24"]
[Black "BashirliSaadat"]
[Result "1-0"]
[WhiteElo "2562"]
[BlackElo "2360"]
[TimeControl "180+1"]
[EndTime "8:40:36 PDT"]
[Termination "GreenPeach24 won by resignation"]

1. e4 c5 2. Nf3 Nc6 3. Bb5 d6 4.
d4 cxd4 5. Qxd4 Bd7 6. Bxc6 Bxc6 7. Nc3 Nf6 8. Bg5 Qa5 9. O-O-O h6 10. Bxf6 gxf6 11.
Kb1 O-O-O 12. Nd5 Bxd5 13. exd5 Kb8 14. Rhe1 Rg8 15. g3 Rc8 16. Nh4 Qc7 17. c3 Qd7 18.
Qd3 e6 19. f4 e5 20. fxe5 fxe5 21. Rf1 Bg7 22. Qf5 Qxf5+ 23. Nxf5 Bf8 24. Ne3 Rc7 25. Rf5 Kc8 26. Rdf1 Rg7 27. Kc2 Kd8 28. Kd3 Ke8 29. Ke4 Be7 30. Rh5 Rg6 31. Kd3 Bg5 32. Nf5 Rc5 33. c4 b5 34. b3 bxc4+ 35. bxc4 e4+ 36. Kc3 Bf6+ 37. Kb3 Bg5 38. Re1 Rf6 39. Rxe4+ Kf8 40. g4 a5 41. h4 Bd2 42. a4 Rg6 43. Kc2 Bb4 44. Rxh6 Rxh6 45. Nxh6 Rc8 46. Nf5 Bc5 47. h5 Rd8 48. h6 Kg8 49. Re7 Bd4 50. Nxd4 Kf8 51.
h7 Kxe7 52. Nc6+ Kd7 53. Nxd8 Kxd8 54. h8=Q+ Kd7 55. Qf6 Kc7 56. g5 1-0

[Event "Early-Titled-Tuesday-Blitz-March-19-2024"]
[Site "Chess.com"]
[Date "2024.03.19"]
[Round "4"]
[White "RandomNoob04"]
[Black "dropstoneDP"]
[Result "0-1"]
[WhiteElo "2660"]
[BlackElo "2977"]
[TimeControl "180+1"]
[EndTime "8:40:37 PDT"]
[Termination "dropstoneDP won by resignation"]

1. e4 e5 2. d4 exd4 3. Qxd4 Nc6 4. Qe3 Nf6 5. e5 Ng4 6. Qe4 d5 7. exd6+ Be6 8. Ba6 Nf6 9. Qa4 bxa6 10. Qxc6+ Bd7 11. Qxc7 Rc8 12. Qxd8+ Kxd8 13. Nc3 Bxd6 14. Bg5 Be5 15. Nge2 Kc7 16. Bxf6 gxf6 17. O-O-O Bc6 18. f3 Rhg8 19. Ng3 h5 20. Nd5+ Kb7 21. Ne7 h4 22.
Ngf5 h3 23. Nxc8 Rxc8 24. Ne7 hxg2 25. Rhg1 Bf4+ 26. Kb1 Bxf3 27. Nxc8 Bxd1 28. Rxd1 Bxh2 29. Nd6+ Kc6 30. Nxf7 g1=Q 31. Rxg1 Bxg1 32. c4 Kc5 33. Kc2 Kxc4 34. Nd6+ Kd5 35. Ne8 f5 36. Kd3 Bb6 37. Nf6+ Ke5 38. Nd7+ Kd6 39. Nf6 Ke6 40. Nh5 Ke5 41. Ng3 f4 42. Nf1 f3 43. Nd2 Kf4 44. Nf1 a5 45. b3 Bc5 46. a4 Bb4 47. Kd4 f2 48. Kd3 Kf3 49. Ne3 Bd6 50. Nf1 Bf4 51.
Nd2+ Bxd2 0-1

[Event "Early-Titled-Tuesday-Blitz-March-19-2024"]
[Site "Chess.com"]
[Date "2024.03.19"]
[Round "4"]
[White "Rud_Makarian"]
[Black "FARIZA2018"]
[Result "1-0"]
[WhiteElo "2966"]
[BlackElo "2571"]
[TimeControl "180+1"]
[EndTime "8:40:37 PDT"]
[Termination "Rud_Makarian won on time"]

1. d4 Nf6 2. c4 e6 3. Nf3 d5 4.
Nc3 Be7 5. Bf4 O-O 6. e3 b6 7.
Qc2 Ba6 8. cxd5 Bxf1 9. Kxf1 exd5 10. g4 c6 11. g5 Nh5 12. h4 Na6 13. Qf5 Nc7 14. Bxc7 Qxc7 15. Rc1 Qd6 16. Ne2 Rac8 17. Nf4 Nxf4 18. exf4 Qg6 19. Qg4 Bd6 20. f5 h5 21.
Qh3 Qh7 22. Kg2 f6 23. g6 Qh6 24. Rce1 Rce8 25. Rhf1 Qf4 26. Qg3 Qxg3+ 27. fxg3 c5 28.
dxc5 bxc5 29. Rd1 d4 30. Rfe1 Rb8 31. b3 Rfe8 32. Nd2 Kf8 33. Nc4 Bc7 34. Kf3 a5 35. g4 hxg4+ 36. Kxg4 a4 37. Rxe8+ Rxe8 38. Kf3 Rb8 39. Rd3 Ke7 40. Ke4 axb3 41. axb3 Rd8 42. h5 Rh8 43. Rh3 Kd7 44. Kd5 Ke7 45. Kxc5 Rd8 46.
Rd3 Be5 47. b4 Rc8+ 48. Kd5 Rd8+ 49. Ke4 Rh8 50. Nxe5 fxe5 51. Kxe5 Rxh5 52. Ra3 Rh1 53. Ra7+ Kf8 54. Rf7+ Kg8 55. Kxd4 Rd1+ 56. Kc5 Rc1+ 57. Kb6 Rf1 58. b5 1-0